 Dungeon Crawl Stone Soup version 0.27-a0-404-g4390dbc5be (webtiles) character file.

Game seed: 14408370060068815367

413008 Morbidden the Brawler (level 22, -5/182 (201) HPs)
             Began as a Demonspawn Fighter on Feb 21, 2021.
             Was the Champion of Cheibriados.
             Slain by a yaktaur captain (10 damage)
             ... on level 1 of the Depths on Feb 22, 2021.
             The game lasted 01:42:19 (43991 turns).

Morbidden the Brawler (Demonspawn Fighter)         Turns: 43991, Time: 01:42:20

HP:   -5/182 (201)  AC: 17    Str: 34    XL:     22   Next: 50%
MP:   0/43          EV: 37    Int: 31    God:    Cheibriados [******]
Gold: 6033          SH:  0    Dex: 27    Spells: 22/45 levels left

rFire    . . .     SeeInvis .     - Unarmed
rCold    + . .     Faith    .   (no shield)
rNeg     . . .     Spirit   +   O - +4 moon troll leather armour {Spirit, Regen++ MP+5}
rPois    .         Reflect  .   (helmet unavailable)
rElec    .         Harm     .   N - +2 cloak {Will+}
rCorr    .         Rampage  .   (gloves unavailable)
Will     ++...                  (boots unavailable)
Stlth    ++++......             e - amulet of regeneration
HPRegen  4.40/turn              E - +4 ring of evasion
MPRegen  0.28/turn              H - +4 ring of protection

@: agile, studying Transmutations, drained, very slow
A: claws 3, hooves 3, horns 3, clumsy 1, cold resistance 1, powered by pain 3,
regeneration 1, robust 2, MP-powered wands, condensation shield
}: 2/15 runes: decaying, gossamer
a: Renounce Religion, Bend Time, Temporal Distortion, Slouch, Step From Time


You were on level 1 of the Depths.
You worshipped Cheibriados.
Cheibriados was exalted by your worship.
You visited 9 branches of the dungeon, and saw 40 of its levels.
You also visited: Sewer, Ossuary, Gauntlet and Ice Cave.

You collected 7183 gold pieces.
You spent 1150 gold pieces at shops.

Inventory:

Hand Weapons
 a - a +7 arbalest of flaming
 V - a +4 scimitar of flaming
Missiles
 c - 39 boomerangs
 g - 14 silver boomerangs
 o - 9 curare-tipped darts
 t - 27 javelins
 B - 1548 bolts
 L - 2 throwing nets
 Z - 22 silver javelins
Armour
 i - the +9 scales of the Dragon King {rPois rF+ rC+ Will+}
   (You took it off a centaur warrior on level 14 of the Dungeon)

   It protects you from fire.
   It protects you from cold.
   It protects you from poison.
   It affects your willpower, your defense against some magical effects.
 N - a +2 cloak of willpower (worn)
 O - the +4 moon troll leather armour (worn) {Spirit, Regen++ MP+5}
   (You bought it in a shop on level 6 of the Dungeon)

   It affects your magic capacity (+5).
   It increases your rate of regeneration.
Jewellery
 e - an amulet of regeneration (around neck)
 m - a ring of protection from fire
 p - a +6 ring of dexterity
 r - a ring of protection from cold
 E - a +4 ring of evasion (left claw)
 H - a +4 ring of protection (right claw)
 K - a ring of willpower
 R - the ring of the Hero {rPois rF+ rC++ Will- Str+3}
   (You found it on level 2 of the Lair of Beasts)

   [ring of protection from fire]

   It affects your strength (+3).
   It protects you from fire.
   It greatly protects you from cold.
   It protects you from poison.
   It affects your willpower, your defense against some magical effects.
 S - a ring of protection from fire
Wands
 b - a wand of charming (28)
 h - a wand of acid (6)
 l - a wand of mindburst (33)
 C - a wand of flame (53) (quivered)
 G - a wand of iceblast (19)
 J - a wand of paralysis (14)
 P - a wand of polymorph (17)
 Q - a wand of digging (24)
Scrolls
 k - 22 scrolls of identify
 v - 13 scrolls of teleportation
 y - 7 scrolls of amnesia
 A - 5 scrolls of magic mapping
 D - 3 scrolls of blinking
 F - 4 scrolls of fear
 M - 8 scrolls of fog
 T - 4 scrolls of silence
 Y - 2 scrolls of enchant armour
Potions
 d - 8 potions of might
 f - 2 potions of magic
 j - 6 potions of mutation
 n - 13 potions of curing
 s - 7 potions of heal wounds
 u - 7 potions of flight
 w - 12 potions of ambrosia
 x - 9 potions of brilliance
 z - 6 potions of resistance
 I - 2 potions of cancellation
 U - 8 potions of invisibility
Miscellaneous
 q - a tin of tremorstones (2/2)
 W - a box of beasts
 X - a condenser vane


   Skills:
 * Level 12.9 Fighting
 + Level 2.2 Long Blades
 + Level 8.6 Crossbows
 + Level 1.5 Throwing
 * Level 12.0 Armour
 * Level 12.9 Dodging
 + Level 7.5 Stealth
 - Level 5.6 Shields
 + Level 18.7 Unarmed Combat
 * Level 12.0 Spellcasting
 + Level 9.3 Conjurations
 * Level 9.9 Necromancy
 + Level 7.7 Translocations
 * Level 11.6 Transmutations
 + Level 0.9 Earth Magic
 - Level 13.0 Invocations
 * Level 10.4 Evocations


You had 22 spell levels left.
You knew the following spells:

 Your Spells              Type           Power        Failure   Level
a - Iskenderun's Mystic   Conj/Tloc      64%          1%          4
b - Necromutation         Tmut/Necr      35%          92%         8
c - Borgnjor's Vile Clut  Necr/Erth      25%          9%          5
d - Death Channel         Necr           34%          8%          6

Your spell library contained the following spells:

 Spells                   Type           Power        Failure   Level
 Animate Skeleton         Necr           100%         1%          1
 Apportation              Tloc           100%         1%          1
 Foxfire                  Conj/Fire      100%         1%          1
 Magic Dart               Conj           100%         1%          1
 Sting                    Tmut/Pois      100%         1%          1
 Corpse Rot               Necr/Air       N/A          1%          2
 Searing Ray              Conj           100%         1%          2
 Wereblood                Tmut           74%          1%          2
 Conjure Flame            Conj/Fire      47%          1%          3
 Dazzling Flash           Conj/Hex       94%          1%          3
 Gell's Gravitas          Tloc           30%          1%          3
 Ignite Poison            Fire/Tmut/Pois 42%          1%          3
 Lesser Beckoning         Tloc           30%          1%          3
 Portal Projectile        Hex/Tloc       84%          1%          3
 Stone Arrow              Conj/Erth      100%         1%          3
 Animate Dead             Necr           34%          1%          4
 Iskenderun's Battlesphe  Conj           67%          1%          5
 Corona                   Hex            20%          2%          1
 Summon Small Mammal      Summ           72%          2%          1
 Mephitic Cloud           Conj/Pois/Air  37%          2%          3
 Petrify                  Tmut/Erth      55%          2%          4
 Call Imp                 Summ           18%          4%          2
 Poisonous Vapours        Pois/Air       36%          4%          2
 Slow                     Hex            18%          4%          2
 Fulminant Prism          Conj/Hex       23%          4%          4
 Alistair's Intoxication  Tmut/Pois      35%          8%          5
 Yara's Violent Unravell  Hex/Tmut       26%          8%          5
 Call Canine Familiar     Summ           18%          9%          3
 Confusing Touch          Hex            18%          9%          3
 Inner Flame              Hex/Fire       18%          9%          3
 Ozocubu's Armour         Ice            18%          9%          3
 Summon Guardian Golem    Hex/Summ       18%          9%          3
 Tukima's Dance           Hex            18%          9%          3
 Bolt of Magma            Conj/Fire/Erth 19%          19%         5
 Dragon Form              Tmut           37%          21%         7
 Animate Armour           Summ/Erth      42%          24%         4
 Leda's Liquefaction      Hex/Erth       10%          24%         4
 Cause Fear               Hex            9%           28%         4
 Olgreb's Toxic Radiance  Pois           18%          28%         4
 Summon Ice Beast         Ice/Summ       18%          28%         4
 Summon Lightning Spire   Summ/Air       18%          28%         4
 Statue Form              Tmut/Erth      36%          32%         6
 Eringya's Noxious Bog    Tmut/Pois      26%          38%         6
 Orb of Destruction       Conj           33%          45%         7
 Lee's Rapid Deconstruct  Erth           12%          47%         5
 Iron Shot                Conj/Erth      25%          47%         6
 Simulacrum               Ice/Necr       24%          50%         6
 Conjure Ball Lightning   Conj/Air       23%          54%         6
 Metabolic Englaciation   Hex/Ice        9%           61%         5
 Freezing Cloud           Conj/Ice/Air   18%          77%         6
 Borgnjor's Revivificati  Necr           34%          97%         8
 Infestation              Necr           34%          97%         8
 Spellforged Servitor     Conj/Summ      23%          98%         7
 Invisibility             Hex            18%          99%         6
 Malign Gateway           Summ/Tloc      21%          99%         7
 Ozocubu's Refrigeration  Ice            9%           100%        7
 Summon Hydra             Summ           9%           100%        7
 Death's Door             Necr           34%          100%        9
 Shatter                  Erth           12%          100%        9


Dungeon Overview and Level Annotations

Branches:
Dungeon (15/15)            Temple (1/1) D:4            Lair (6/6) D:9
  Swamp (4/4) Lair:2       Spider (4/4) Lair:2        Slime (0/5) Lair:5
    Orc (2/2) D:11            Elf (3/3) Orc:2        Vaults (4/5) D:13
  Crypt (0/3) Vaults:2     Depths (1/5) D:15          Sewer (visited)
Ossuary (visited)           IceCv (visited)         Gauntlet (visited)

Altars:
Ashenzari
Cheibriados
Dithmenos
Elyvilon
Fedhas
Gozag
Hepliaklqana
Kikubaaqudgha
Makhleb
Nemelex Xobeh
Okawaru
Qazlal
Ru
Sif Muna
Trog
Uskayaw
Vehumet
Wu Jian
Xom
Yredelemnul
Zin
The Shining One
Jiyva

Shops:
D:6 [   Orc:2 [:([   Elf:1 [   Elf:2 (   Vaults:1 =   Vaults:2 [   Vaults:3 [
Vaults:4 (   Depths:1 [?=*

Annotations:
D:4 1 runed translucent door, Crazy Yiuf
D:10 2 runed translucent doors
Elf:2 5 runed translucent doors
Elf:3 2 transporters, 1 exclusion, Eheximeo's ghost, adept GnBe


Innate Abilities, Weirdness & Mutations

You have claws for hands.
You have hooves in place of feet.
You have a pair of large horns on your head.
You are powered by pain.
You are very robust. (+20% HP)
A meltable shield of frost defends you. (SH +0)
You are clumsy. (Dex -2)
Your flesh is cold resistant. (rC+)
Your natural rate of healing is unusually fast.
You expend magic power (3 MP) to strengthen your wands.


Message History

Unknown command.
Unknown command.
Unknown command.
You claw the shadow dragon!
You kick the shadow dragon, but do no damage.
You headbutt the shadow dragon, but do no damage.
The shadow dragon is severely wounded.
Unknown command.
Unknown command.
Unknown command.
You scratch the shadow dragon.
You kick the shadow dragon, but do no damage.
You headbutt the shadow dragon!
The shadow dragon is almost dead.
The shadow dragon breathes negative energy at you.
The bolt of negative energy misses you.
The yaktaur captain shoots a bolt.
The bolt hits you!!
* * * LOW HITPOINT WARNING * * *
x2 Unknown command.
Unknown command.
Unknown command.
You mangle the shadow dragon!!
You kill the shadow dragon!
Cheibriados appreciates the change of pace.
A cyan ugly thing comes into view.
Your Armour skill increases to level 12!
Unknown command.
Unknown command.
Unknown command.
Unknown command.
Unknown command.
You mangle the yaktaur captain!! You kick the yaktaur captain!
You headbutt the yaktaur captain! You claw the yaktaur captain!
The yaktaur captain is severely wounded.
The brown ugly thing completely misses you.
The yaktaur captain shoots a bolt.
The bolt hits you!!
* * * LOW HITPOINT WARNING * * *
x2 The yaktaur captain unwields a +2 arbalest of flaming.
It stops flaming.
The yaktaur captain hits you!
You die...

#############
#(.()@c......
#..cu........
#..u######...
##..#.§...§ .
#..u# #§u#.
###########...#
D§§
...##.........#
§
...##....(....#
....#.........#


You could see 2 yaktaur captains and 3 ugly things.

Vanquished Creatures
  Mara (Spider:4)
  Arachne (Spider:2)
  A tentacled monstrosity (Swamp:4)
  A lich (Depths:1)
  Asterion (Spider:4)
  2 deep elf blademasters (Elf:3)
  A deep elf master archer (Elf:3)
  4 thorn hunters
  2 sphinxes (Vaults:4)
  A shadow dragon (Depths:1)
  Kirke (D:13)
  2 tengu reavers (Vaults:3)
  A fire giant (Depths:1)
  Roxanne (Swamp:3)
  9 deep elf sorcerers
  Aizul (Swamp:1)
  5 ghost moths (Spider:4)
  12 vault wardens
  2 frost giants
  2 emperor scorpions (Spider:4)
  5 deep elf elementalists (Elf:3)
  11 very ugly things
  4 ghouls
  12 ironheart preservers
  8 stone giants
  A reaper (Gauntlet)
  5 deep elf demonologists
  13 deep elf annihilators
  Azrael (D:14)
  A minotaur (Gauntlet)
  3 bunyips
  2 spark wasps (Spider:4)
  5 entropy weavers
  4 deep elf death magi
  A merfolk javelineer (Depths:1)
  2 ettins
  An eleionoma (shapeshifter) (Vaults:4)
  A shambling mangrove (Swamp:4)
  An eidolon (Vaults:2)
  Josephine (D:14)
  4 eleionomae
  A jiangshi (Vaults:2)
  6 deep elf high priests
  5 fire dragons
  3 rakshasas
  Harold (D:10)
  10 yaktaur captains
  3 vault guards
  8 boulder beetles
  A catoblepas (Lair:6)
  22 hydras
  11 ogre magi
  Erolcha (D:9)
  6 ghost crabs
  2 great orbs of eyes
  4 death knights
  6 alligators
  14 centaur warriors
  11 dancing weapons
  A queen ant (D:9)
  40 two-headed ogres
  5 death yaks
  2 deep troll shamans
  A deep troll earth mage (Depths:1)
  A tengu warrior (D:13)
  A shock serpent (shapeshifter) (Vaults:3)
  9 spriggans
  4 orc high priests
  13 deep elf knights
  A fire crab (shapeshifter) (Vaults:2)
  A fire crab (Lair:5)
  2 shadow wraiths (Vaults:2)
  9 goliath frogs
  6 deep trolls
  9 skeletal warriors
  10 swamp dragons
  2 unseen horrors
  A flayed ghost (Vaults:4)
  6 spriggan druids
  A glowing orange brain (Vaults:4)
  12 ironbrand convokers
  3 wizards
  4 bog bodies
  13 deep elf archers
  Pikel (D:5)
  A wolf spider zombie (D:13)
  A tengu zombie (Vaults:4)
  3 lindwurms (Lair:6)
  An orb spider (shapeshifter) (Elf:3)
  10 orc knights
  29 deep elf pyromancers
  2 necromancers
  3 phantasmal warriors
  23 deep elf zephyrmancers
  3 harpies (Vaults:2)
  A tengu skeleton (Vaults:4)
  5 oklob plants
  43 wolf spiders
  15 orb spiders
  5 cyclopes
  A mana viper (shapeshifter) (Elf:3)
  8 orc sorcerers
  46 ugly things
  5 will-o-the-wisps
  2 manticores
  Maurice (D:12)
  A human skeleton (Vaults:4)
  An ice statue (IceCv)
  9 vault sentinels
  4 black mambas
  4 elephants (Lair:5)
  4 gargoyles
  6 torpor snails
  10 cane toads
  A cane toad (shapeshifter) (Depths:1)
  12 rime drakes
  2 minotaur zombies (Gauntlet)
  2 efreet
  61 yaktaurs
  A tengu conjurer (D:13)
  8 komodo dragons
  15 demonic crawlers
  A kobold demonologist (D:14)
  12 freezing wraiths
  2 hellwings (Gauntlet)
  48 jumping spiders
  A jumping spider (shapeshifter) (Vaults:3)
  2 bloated husks
  3 meliai (Spider:3)
  5 trolls
  A queen bee (Spider:3)
  22 polar bears
  Grinder (D:5)
  33 hornets
  8 blink frogs
  14 tyrant leeches
  6 dream sheep (Lair:3)
  A raiju (shapeshifter) (Vaults:2)
  A centaur simulacrum (D:15)
  3 water elementals
  13 slime creatures
  3 air elementals
  28 tarantellas
  A meliai zombie (D:11)
  A redback (shapeshifter) (Vaults:4)
  2 spriggans (shapeshifter)
  4 shadows (Gauntlet)
  73 redbacks
  7 wraiths
  10 fire elementals
  A fire bat (shapeshifter) (Depths:1)
  2 yaks (shapeshifter)
  86 yaks
  A hog (D:13)
  4 wyverns
  3 fire bats (Lair:5)
  A basilisk (shapeshifter) (Vaults:4)
  4 basilisks
  10 steam dragons (Lair:3)
  11 vampire mosquitoes
  20 soldier ants (D:9)
  21 water moccasins
  5 wargs
  Edmund (D:5)
  15 swamp worms
  2 acid dragons (Vaults:2)
  4 hell hounds (D:14)
  A soldier ant (shapeshifter) (Vaults:3)
  26 orc warriors
  2 sky beasts
  2 eyes of draining
  7 swamp drakes
  5 ice beasts
  A black bear (D:6)
  36 ogres
  A black bear (shapeshifter) (D:13)
  3 necrophages
  28 wolves
  29 centaurs
  2 lemures (D:5)
  2 phantoms
  3 boggarts (Vaults:2)
  11 bullfrogs
  2 gnoll sergeants
  A wyvern zombie (D:14)
  3 kobold brigands
  A water moccasin zombie (Ossuary)
  3 earth elementals
  8 scorpions
  2 water moccasin skeletons (D:8)
  26 killer bees
  19 wights
  6 electric eels
  7 howler monkeys
  7 centaur zombies
  10 hounds
  A quasit (D:12)
  2 bullfrog zombies
  10 jellies
  A gnoll shaman (D:9)
  21 orc priests
  6 centaur skeletons
  3 iguanas
  32 worker ants
  27 orc wizards
  A statue (D:9)
  A hound zombie (D:5)
  A hound skeleton (D:7)
  2 mummies (Ossuary)
  2 howler monkey zombies
  A worker ant zombie (D:5)
  2 howler monkey skeletons
  12 gnolls
  5 adders
  A shadow imp (D:8)
  4 white imps
  2 ufetubi
  An ooze (D:3)
  4 adder zombies
  2 adder skeletons
  4 worms
  4 dart slugs
  9 leopard geckos
  89 orcs
  5 giant cockroaches
  11 hobgoblins
  7 jackals
  9 quokkas
  8 bats
  2 frilled lizards
  6 gnoll zombies (Ossuary)
  7 goblins
  5 hobgoblin zombies (Ossuary)
  A jackal skeleton (D:7)
  28 kobolds
  3 kobold zombies (Ossuary)
  A leopard gecko skeleton (D:8)
  4 orc zombies (Ossuary)
  2 quokka skeletons
  7 rats
  2 briar patches (Swamp:3)
  3 plants
1871 creatures vanquished.

Vanquished Creatures (collateral kills)
  A deep elf sorcerer (Elf:3)
  A deep elf high priest (Elf:3)
  A deep elf knight (Elf:2)
  A deep elf zephyrmancer (Elf:2)
  2 briar patches (Swamp:4)
6 creatures vanquished.

Vanquished Creatures (others)
  A tengu reaver (Depths:1)
  A vault guard (Vaults:3)
  A deep elf knight (Elf:1)
  A rime drake (Lair:3)
  A bloated husk (Swamp:2)
  A swamp drake (Swamp:4)
  A centaur (Vaults:3)
  A hound (D:14)
  An orc priest (D:13)
  An orc wizard (D:7)
  4 briar patches
  38 foxfires
  56 fungi
  69 plants
  14 withered plants (Gauntlet)
191 creatures vanquished.

Grand Total: 2068 creatures vanquished

Notes
Turn   | Place    | Note
-------+----------+-------------------------------------------
     0 | D:1      | Morbidden the Demonspawn Fighter began the quest for the
                  | Orb.
     0 | D:1      | Reached XP level 1. HP: 18/18 MP: 1/1
    60 | D:1      | Gained mutation: You sometimes gain a little power by
                  | taking damage. [demonic ancestry]
    60 | D:1      | Reached XP level 2. HP: 23/24 MP: 2/2
   712 | D:1      | Gained mutation: You have a pair of small horns on your
                  | head. [demonic ancestry]
   712 | D:1      | Reached XP level 3. HP: 29/29 MP: 3/3
  1483 | D:2      | Reached skill level 1 in Unarmed Combat
  1483 | D:2      | Reached XP level 4. HP: 12/35 MP: 4/4
  1684 | D:2      | Noticed a bullfrog
  1709 | D:2      | Killed a bullfrog
  1710 | D:2      | Reached skill level 1 in Dodging
  1710 | D:2      | Reached skill level 2 in Unarmed Combat
  1710 | D:2      | Reached XP level 5. HP: 26/42 MP: 5/5
  2361 | D:3      | Reached skill level 3 in Unarmed Combat
  2400 | D:3      | Found a glowing golden altar of the Shining One.
  2590 | D:3      | Found a stormy altar of Qazlal.
  2786 | D:4      | Reached XP level 6. HP: 23/48 MP: 6/6
  2810 | D:4      | Found a sand-covered staircase.
  2847 | Ossuary  | Entered an ossuary
  3016 | Ossuary  | Reached skill level 4 in Unarmed Combat
  3080 | D:4      | Reached XP level 7. HP: 34/54 MP: 7/7
  3356 | D:4      | Found a staircase to the Ecumenical Temple.
  3367 | D:4      | Reached skill level 5 in Unarmed Combat
  3388 | Temple   | Entered the Ecumenical Temple
  3759 | Temple   | Became a worshipper of Cheibriados the Contemplative
  4115 | D:4      | Found a runed translucent door.
  4116 | D:4      | Noticed Crazy Yiuf
  4300 | D:5      | Entered Level 5 of the Dungeon
  4351 | D:5      | Noticed Edmund
  4431 | D:5      | Found a glowing drain.
  4436 | Sewer    | Entered a sewer
  4503 | Sewer    | Reached skill level 1 in Invocations
  4614 | D:5      | Noticed Pikel
  4643 | D:5      | Killed Pikel
  4644 | D:5      | Reached skill level 5 in Fighting
  4644 | D:5      | Reached skill level 1 in Crossbows
  4644 | D:5      | Reached skill level 6 in Unarmed Combat
  4644 | D:5      | Gained mutation: You have large cloven feet. [demonic
                  | ancestry]
  4644 | D:5      | Reached XP level 8. HP: 51/62 MP: 7/9
  4690 | D:5      | Reached * piety under Cheibriados
  4763 | D:5      | Noticed Grinder
  4780 | D:5      | Killed Edmund
  4788 | D:5      | Killed Grinder
  4899 | D:5      | Gained mutation: You have sharp fingernails. [demonic
                  | ancestry]
  4899 | D:5      | Reached XP level 9. HP: 56/68 MP: 11/11
  5182 | D:6      | Reached skill level 7 in Unarmed Combat
  5212 | D:6      | Found Upeteon's Armour Boutique.
  5392 | D:6      | Reached ** piety under Cheibriados
  5453 | D:6      | Reached skill level 1 in Spellcasting
  5690 | D:6      | Found an ancient bone altar of Kikubaaqudgha.
  5693 | D:6      | Found a sacrificial altar of Ru.
  5695 | D:6      | Found an ornate altar of the Wu Jian Council.
  5723 | D:6      | Reached skill level 5 in Armour
  6360 | D:7      | Reached *** piety under Cheibriados
  6408 | D:7      | Gained mutation: A meltable shield of frost defends you.
                  | (SH +0) [demonic ancestry]
  6408 | D:7      | Reached XP level 10. HP: 76/76 MP: 13/13
  6632 | D:7      | Found a blossoming altar of Fedhas.
  6881 | D:7      | Reached skill level 5 in Invocations
  7163 | D:8      | Found a sparkling altar of Nemelex Xobeh.
  7285 | D:8      | Reached skill level 8 in Unarmed Combat
  7316 | D:8      | Reached **** piety under Cheibriados
  7444 | D:8      | Found a burning altar of Makhleb.
  7500 | D:8      | Noticed a cacodemon
  7503 | D:8      | Found a glowing silver altar of Zin.
  7503 | D:8      | Noticed an angel
  7674 | D:9      | Noticed a gargoyle
  7737 | D:9      | Killed a gargoyle
  7786 | D:9      | Noticed a manticore
  7792 | D:9      | Killed a manticore
  7817 | D:9      | Got a pair of dazzling boots
  7823 | D:9      | Identified the +0 pair of boots of the Endless Expanse
                  | {*Corrode rElec rN+ SInv} (You found it on level 9 of the
                  | Dungeon)
  7839 | D:9      | Noticed Erolcha
  7862 | D:9      | Identified the +0 scale mail of Elyvilon {rElec rN+++ Str+2
                  | Int-4}
  7911 | D:9      | Reached skill level 5 in Dodging
  7920 | D:9      | Reached skill level 9 in Unarmed Combat
  7935 | D:9      | Noticed a two-headed ogre
  7940 | D:9      | Killed a two-headed ogre
  7986 | D:9      | Reached ***** piety under Cheibriados
  7987 | D:9      | Gained mutation: You have very sharp fingernails. [demonic
                  | ancestry]
  7987 | D:9      | Reached XP level 11. HP: 73/83 MP: 16/16
  8017 | D:9      | Noticed a queen ant
  8030 | D:9      | Killed a queen ant
  8063 | D:9      | Reached skill level 10 in Unarmed Combat
  8214 | D:9      | Found a shimmering blue altar of Sif Muna.
  8335 | D:9      | Noticed a four-headed hydra
  8343 | D:9      | Killed a four-headed hydra
  8428 | D:9      | Found a staircase to the Lair.
  8494 | D:9      | Found a radiant altar of Vehumet.
  8514 | D:9      | Noticed a two-headed ogre
  8519 | D:9      | Killed a two-headed ogre
  8520 | D:9      | Reached skill level 1 in Stealth
  8535 | D:9      | Noticed a two-headed ogre
  8546 | D:9      | Reached ****** piety under Cheibriados
  8558 | D:9      | Killed a two-headed ogre
  8559 | D:9      | Reached skill level 11 in Unarmed Combat
  8811 | D:6      | Bought the +4 moon troll leather armour {Spirit, Regen++
                  | MP+5} for 763 gold pieces
  8811 | D:6      | Found the +4 moon troll leather armour {Spirit, Regen++
                  | MP+5}
  9098 | D:9      | Killed Erolcha
  9099 | D:9      | Gained mutation: You have a pair of horns on your head.
                  | [demonic ancestry]
  9099 | D:9      | Reached XP level 12. HP: 90/91 MP: 19/19
  9144 | D:9      | Noticed a two-headed ogre
  9149 | D:9      | Killed a two-headed ogre
  9150 | D:9      | Reached skill level 1 in Throwing
  9357 | D:10     | Entered Level 10 of the Dungeon
  9378 | D:10     | Noticed a two-headed ogre
  9379 | D:10     | Noticed a two-headed ogre
  9379 | D:10     | Noticed a two-headed ogre
  9380 | D:10     | Noticed a two-headed ogre
  9381 | D:10     | Noticed an ogre mage
  9384 | D:10     | Killed a two-headed ogre
  9385 | D:10     | Reached skill level 5 in Spellcasting
  9387 | D:10     | Killed a two-headed ogre
  9397 | D:10     | Killed an ogre mage
  9400 | D:10     | Killed a two-headed ogre
  9401 | D:10     | Reached skill level 12 in Unarmed Combat
  9405 | D:10     | Killed a two-headed ogre
  9413 | D:10     | Noticed an ice dragon
  9417 | D:10     | Noticed an ice dragon
  9420 | D:10     | Found a runed translucent door.
  9420 | D:10     | Found a runed translucent door.
  9421 | D:10     | Found the +2 shield of Resistance {rF++ rC++ Will++}
  9422 | D:10     | Noticed a fire dragon
  9423 | D:10     | Noticed a fire dragon
  9484 | D:10     | Noticed a two-headed ogre
  9489 | D:10     | Killed a two-headed ogre
  9644 | D:10     | Noticed Harold
  9645 | D:10     | Noticed a two-headed ogre
  9653 | D:10     | Killed a two-headed ogre
  9660 | D:10     | Killed Harold
  9828 | D:10     | Noticed a five-headed hydra
  9835 | D:10     | Killed a five-headed hydra
 10095 | D:11     | You fall into a shaft and drop 1 floor!
 10096 | D:12     | Noticed a two-headed ogre
 10103 | D:12     | Killed a two-headed ogre
 10337 | D:12     | Noticed Maurice
 10343 | D:12     | Reached skill level 13 in Unarmed Combat
 10343 | D:12     | Gained mutation: You have hoof-like feet. [demonic
                  | ancestry]
 10343 | D:12     | Reached XP level 13. HP: 97/98 MP: 20/21
 10355 | D:12     | Killed Maurice
 10392 | D:12     | Found a frozen archway.
 10398 | IceCv    | Entered an ice cave
 10786 | IceCv    | Reached skill level 5 in Crossbows
 10982 | IceCv    | Noticed a frost giant
 11012 | IceCv    | Killed a frost giant
 11013 | IceCv    | Reached skill level 10 in Invocations
 11028 | IceCv    | Reached skill level 14 in Unarmed Combat
 11533 | D:11     | Found a staircase to the Orcish Mines.
 12417 | D:13     | Gained mutation: You sometimes gain power by taking damage.
                  | [demonic ancestry]
 12417 | D:13     | Reached XP level 14. HP: 106/106 MP: 24/24
 12583 | D:13     | Found a gate to the Vaults.
 12642 | D:13     | Reached skill level 1 in Evocations
 13091 | D:13     | Noticed Kirke
 13267 | D:13     | Gained mutation: Your flesh is cold resistant. (rC+)
                  | [potion of mutation]
 13267 | D:13     | Gained mutation: You expend magic power (3 MP) to
                  | strengthen your wands. [potion of mutation]
 13267 | D:13     | Gained mutation: Your natural rate of healing is unusually
                  | fast. [potion of mutation]
 13273 | D:13     | Killed Kirke
 13530 | D:14     | Got a slimy steel amulet
 13575 | D:14     | Identified the amulet "Buxih" {RegenMP rPois Str-2 Int+3}
                  | (You found it on level 14 of the Dungeon)
 13618 | D:14     | Noticed Josephine
 13631 | D:14     | Killed Josephine
 13663 | D:14     | Noticed Azrael
 13674 | D:14     | Killed Azrael
 13742 | D:14     | Reached skill level 15 in Unarmed Combat
 13750 | D:14     | Found a gate leading to a gauntlet.
 13755 | Gauntlet | Entered a Gauntlet
 13755 | Gauntlet | Found a transporter.
 13755 | Gauntlet | Found a transporter.
 13759 | Gauntlet | Found a transporter.
 13759 | Gauntlet | Found a transporter.
 13765 | Gauntlet | Noticed a reaper
 13766 | Gauntlet | Found a transporter.
 13791 | Gauntlet | Found a transporter.
 13792 | Gauntlet | Found a transporter.
 13795 | Gauntlet | Found a transporter.
 13815 | Gauntlet | Found a transporter.
 13822 | Gauntlet | Found a transporter.
 13834 | Gauntlet | Found a transporter.
 13878 | Gauntlet | Found a transporter.
 13889 | Gauntlet | Found a transporter.
 13903 | Gauntlet | Found a transporter.
 14004 | Gauntlet | Found a transporter.
 14018 | Gauntlet | Found a transporter.
 14243 | Gauntlet | Got a heavily runed amber ring
 14245 | Gauntlet | Identified the ring of Poemoesa {Ice +Inv Will+} (You found
                  | it in a Gauntlet)
 14297 | Gauntlet | Killed a reaper
 14311 | Gauntlet | Identified the +10 broad axe "Cied" {holy, Dex+2} (You
                  | found it in a Gauntlet)
 14498 | Gauntlet | Got a pair of crude gloves
 14510 | Gauntlet | Identified the +1 pair of gloves of the Bagpipe {+Inv rC+
                  | Dex-5 Slay+3} (You found it in a Gauntlet)
 15284 | D:14     | Noticed a white very ugly thing
 15292 | D:14     | Gained mutation: You have claws for hands. [demonic
                  | ancestry]
 15292 | D:14     | Reached XP level 15. HP: 110/114 MP: 26/26
 15708 | D:15     | Entered Level 15 of the Dungeon
 16725 | D:15     | Found a staircase to the Depths.
 17111 | Lair:1   | Entered Level 1 of the Lair of Beasts
 17303 | Lair:1   | Got a twitching copper amulet
 17304 | Lair:1   | Identified the amulet of Sumased {Spirit rN++ Str-2 SInv
                  | Stlth+} (You found it on level 1 of the Lair of Beasts)
 17432 | Lair:1   | You fall into a shaft and drop 1 floor!
 17562 | Lair:2   | Reached skill level 16 in Unarmed Combat
 17667 | Lair:2   | Learned a level 4 spell: Iskenderun's Mystic Blast
 17716 | Lair:2   | Got a warped silver ring
 17717 | Lair:2   | Identified the ring of the Hero {rPois rF+ rC++ Will-
                  | Str+3} (You found it on level 2 of the Lair of Beasts)
 17951 | Lair:2   | Found a staircase to the Swamp.
 18043 | Lair:2   | Found a hole to the Spider Nest.
 18388 | Lair:3   | Reached skill level 1 in Conjurations
 18395 | Lair:3   | Reached skill level 10 in Fighting
 18635 | Lair:3   | Reached skill level 1 in Translocations
 18945 | Lair:3   | Reached skill level 10 in Dodging
 18979 | Lair:3   | Learned a level 8 spell: Necromutation
 20828 | Lair:4   | Identified a scroll of acquirement
 20829 | Lair:4   | Acquired 924 gold pieces
 21674 | Lair:5   | Reached XP level 16. HP: 122/122 MP: 28/28
 21720 | Lair:5   | Reached skill level 1 in Transmutations
 21914 | Lair:5   | Found a viscous altar of Jiyva.
 21914 | Lair:5   | Found a staircase to the Slime Pits.
 21945 | Lair:5   | Reached skill level 1 in Necromancy
 22450 | Lair:6   | Entered Level 6 of the Lair of Beasts
 22580 | Lair:6   | Found a runed translucent door.
 23629 | Orc:1    | Entered Level 1 of the Orcish Mines
 23994 | Orc:2    | Entered Level 2 of the Orcish Mines
 24008 | Orc:2    | Found a staircase to the Elven Halls.
 24329 | Orc:2    | Found Nekh's Antique Armour Shoppe.
 24491 | Orc:2    | Found Tiocoich's Antique Weapon Shop.
 24515 | Orc:2    | Found Ceacex's Armour Shop.
 24519 | Orc:2    | Found Omiphe's Book Shoppe.
 24576 | Orc:2    | Found an iron altar of Okawaru.
 25074 | Spider:1 | Entered Level 1 of the Spider Nest
 25085 | Spider:1 | Reached skill level 5 in Evocations
 25269 | Spider:1 | You fall into a shaft and drop 1 floor!
 25275 | Spider:2 | Reached skill level 5 in Shields
 25281 | Spider:2 | Gained mutation: You are powered by pain. [demonic
                  | ancestry]
 25281 | Spider:2 | Reached XP level 17. HP: 53/129 MP: 29/29
 25283 | Spider:2 | Noticed Arachne
 25290 | Spider:2 | Killed Arachne
 25310 | Spider:2 | Reached skill level 5 in Transmutations
 26924 | Spider:3 | Reached skill level 5 in Stealth
 27831 | Spider:4 | Entered Level 4 of the Spider Nest
 27939 | Spider:4 | Noticed Mara
 27942 | Spider:4 | Noticed Morbidden's illusion
 27949 | Spider:4 | Killed Mara
 27949 | Spider:4 | Noticed Asterion
 27950 | Spider:4 | Reached skill level 17 in Unarmed Combat
 27950 | Spider:4 | Reached skill level 5 in Conjurations
 27961 | Spider:4 | Killed Asterion
 28444 | Spider:4 | Gained mutation: You have hooves in place of feet. [demonic
                  | ancestry]
 28444 | Spider:4 | Reached XP level 18. HP: 129/136 MP: 10/31
 28449 | Spider:4 | Reached skill level 5 in Necromancy
 28875 | Spider:4 | Got a gossamer rune of Zot
 29183 | Swamp:1  | Entered Level 1 of the Swamp
 29463 | Swamp:1  | Noticed Aizul
 29480 | Swamp:1  | Killed Aizul
 30123 | Swamp:2  | HP: 2/138 [seven-headed hydra (8)]
 30644 | Swamp:2  | Upgraded the game from 0.27-a0-396-g03f4e8edb7 to
                  | 0.27-a0-404-g4390dbc5be
 30842 | Swamp:3  | Reached skill level 10 in Armour
 31654 | Swamp:3  | Identified Roxanne's Compendium of Earth
 31654 | Swamp:3  | Noticed Roxanne
 31665 | Swamp:3  | Killed Roxanne
 31721 | Swamp:4  | Entered Level 4 of the Swamp
 31791 | Swamp:4  | Noticed a tentacled monstrosity
 31799 | Swamp:4  | Killed a tentacled monstrosity
 31807 | Swamp:4  | Reached XP level 19. HP: 109/144 MP: 32/32
 31873 | Swamp:4  | Reached skill level 10 in Spellcasting
 31892 | Swamp:4  | HP: 2/144 [eight-headed hydra (7)]
 31897 | Swamp:4  | Reached skill level 5 in Translocations
 32177 | Swamp:4  | Got a decaying rune of Zot
 32753 | Vaults:1 | Entered Level 1 of the Vaults
 32817 | Vaults:1 | Found Yskufopi's Jewellery Emporium.
 33515 | Vaults:1 | Found a shimmering blue altar of Sif Muna.
 34968 | Vaults:2 | Found a staircase to the Crypt.
 35005 | Vaults:2 | Gained mutation: You are robust. (+10% HP) [demonic
                  | ancestry]
 35005 | Vaults:2 | Reached XP level 20. HP: 145/167 MP: 34/34
 35533 | Vaults:2 | Found Ginuq's Armour Emporium.
 36997 | Vaults:3 | Found Jyukasef's Armour Boutique.
 37455 | Vaults:3 | Reached skill level 18 in Unarmed Combat
 38029 | Vaults:4 | Found a magical portal.
 38155 | Vaults:4 | Found Kitegros's Antique Weapon Shoppe.
 38430 | Vaults:4 | Gained mutation: You are very robust. (+20% HP) [demonic
                  | ancestry]
 38430 | Vaults:4 | Reached XP level 21. HP: 123/190 MP: 36/36
 38798 | Vaults:4 | Reached skill level 10 in Transmutations
 39128 | Vaults:4 | Learned a level 5 spell: Borgnjor's Vile Clutch
 39195 | Vaults:4 | Learned a level 6 spell: Death Channel
 40284 | Elf:1    | Entered Level 1 of the Elven Halls
 40449 | Elf:1    | Found Atadghes's Antique Armour Emporium.
 41415 | Elf:2    | Found a huge runed translucent gate.
 41415 | Elf:2    | Found a huge runed translucent gate.
 41416 | Elf:2    | Found a huge runed translucent gate.
 41417 | Elf:2    | Found a huge runed translucent gate.
 41424 | Elf:2    | Found a huge runed translucent gate.
 41605 | Elf:2    | Found Kepoc's Antique Weapon Boutique.
 41773 | Elf:3    | Entered Level 3 of the Elven Halls
 41925 | Elf:3    | Identified the +0 tower shield of the Pits of Slime
                  | {Rampage MP+9 Str+2 Dex-2 Stlth+}
 41964 | Elf:3    | Gained mutation: You have a pair of large horns on your
                  | head. [demonic ancestry]
 41964 | Elf:3    | Reached XP level 22. HP: 85/200 MP: 8/37
 42143 | Elf:3    | Reached skill level 10 in Evocations
 42224 | Elf:3    | Identified the +7 mace of Ugiwun {antimagic, *Corrode
                  | Fragile Dex+5 SInv}
 42862 | Elf:3    | Found a transporter.
 42865 | Elf:3    | Noticed Eheximeo's ghost (adept GnBe)
 42899 | Elf:3    | Found a transporter.
 42968 | Elf:3    | Gained mutation: You are clumsy. (Dex -2) [a cacodemon]
 43233 | Elf:3    | Identified the Almanac of Cloudy Cold
 43236 | Elf:3    | Identified the Handbook of Transmutation
 43247 | Elf:3    | Identified the Catalogue of the Entourage
 43262 | Elf:3    | Identified Qeata's Tome of Attacks and Fire
 43508 | Depths:1 | Entered Level 1 of the Depths
 43617 | Depths:1 | Found Cujuism's Assorted Antiques.
 43617 | Depths:1 | Found Wasupoc's Antique Armour Shoppe.
 43618 | Depths:1 | Found Gocideol's Magic Scroll Shoppe.
 43620 | Depths:1 | Found Pingaf's Jewellery Emporium.
 43626 | Depths:1 | Bought a translucent marble ring for 125 gold pieces
 43626 | Depths:1 | Identified the ring of Epaq {rF+ rN+ Will- MP+9 Dex+4} (You
                  | bought it in a shop on level 1 of the Depths)
 43629 | Depths:1 | Bought a scroll of blinking for 187 gold pieces
 43629 | Depths:1 | Bought a scroll of teleportation for 75 gold pieces
 43991 | Depths:1 | HP: 8/182 [yaktaur captain/bolt (17)]
 43991 | Depths:1 | Slain by a yaktaur captain

Illustrated notes

Levels and vault maps discovered:
D:1:      dpeg_arrival_three_same_balls, layout_basic
D:2:      layout_basic
D:3:      layout_rooms, nicolae_overflow_hidden_temple, lemuel_round_altar
D:4:      layout_loops_ring, minmay_temple_entry_offerings,
          nicolae_ossuary_entry_monument, item_on_display_a,
          uniq_crazy_yiuf_cottage
D:5:      layout_rooms, portal_sewer_entry_e, uniq_pikel, uniq_grinder,
          uniq_edmund
D:6:      layout_cave_pools, minitemple, serial_shops,
          nicolae_shop_temple_entry_statues_fountains, kb_lookout_dungeons_type,
          minmay_misc_feat_ornament, lemuel_statue_altar
D:7:      minmay_spotlight, layout_gridville, basic_altar
D:8:      layout_rooms, grunt_temple_overflow_order_and_chaos_2,
          nemelex_altar_shiori, kennysheep_dice
D:9:      minmay_the_grid_square_5x5_4x4
          [minmay_the_grid_square_5x5_doubleslash,
          minmay_the_grid_square_5x5_two_walls_b,
          minmay_the_grid_square_5x5_hourglass,
          minmay_the_grid_square_5x5_tri_point,
          minmay_the_grid_square_5x5_slash,
          minmay_the_grid_square_5x5_prize_itemx,
          minmay_the_grid_square_5x5_prize_waves,
          minmay_the_grid_square_5x5_checkered_statues,
          minmay_the_grid_square_5x5_sharp_hourglass,
          minmay_the_grid_square_5x5_prize_open,
          minmay_the_grid_square_5x5_prize_rear_guard,
          minmay_the_grid_square_5x5_minivault,
          minmay_the_grid_square_5x5_forky, minmay_the_grid_square_5x5_two,
          minmay_the_grid_square_5x5_shrine2,
          minmay_the_grid_square_5x5_eight_small], layout_loops_ring,
          vehumet_statue, lemuel_blue_sif_altar, minivault_29, uniq_erolcha
D:10:     layout_roguey, minmay_guarded_unrand_resistance, uniq_harold
D:11:     layout_loops_ring, orc_0_dummy
D:12:     layout_loops_ring, portal_ice_cave_rime, minmay_unpleasant_kobolds,
          uniq_maurice
D:13:     layout_gridville, david_vaults_4, uniq_kirke
D:14:     cheibrodos_breeding_chamber, layout_loops_ring,
          gauntlet_entry_generic, serial_bayou_pond_b,
          kennysheep_generic_room_5, uniq_josephine, uniq_azrael
D:15:     grunt_enter_depths_magical_seal, layout_loops_corners
Temple:   minmay_temple_forest_path
Lair:1:   dpeg_oklob_gauntlet, layout_cave_shapes
Lair:2:   beast_lair_carwin_large_2, layout_hall_layers,
          nicolae_swamp_entry_splash_gauntlet, nicolae_spider_entry_non_spiders
Lair:3:   layout_chaotic_city, bobbens_dragon_lair_wall, grunt_megastairs_1,
          minmay_lair_oklob_chamber, infiniplex_staircase_pool_2
Lair:4:   layout_hall_layers, st_stairs_8, serial_bayou_shore_a
Lair:5:   layout_gridlike, slime_altar_1
Lair:6:   wormcave, layout_loops_ring, grunt_megastairs_2
Swamp:1:  layout_basic_swamp, evilmike_swamp_ruin_rubble_1, uniq_aizul
Swamp:2:  layout_basic_swamp, nicolae_swamp_orc_logging_accident
Swamp:3:  layout_basic_swamp, evilmike_swamp_ruin_house_4, swamp_pool5,
          infiniplex_staircase_pool, uniq_roxanne
Swamp:4:  swamp_alternative, layout_basic_swamp
Spider:1: layout_spider_delve
Spider:2: layout_spider_delve, nicolae_arachne_temple
Spider:3: layout_chambers, special_room [special_room_bee], drop_trap,
          nicolae_spider_cling_ruins
Spider:4: spider_rune_water, uniq_mara, uniq_asterion
Orc:1:    layout_caves
Orc:2:    st_orc_elflike, layout_caves, okawaru_metal_pillars_3
Elf:1:    layout_rooms, serial_shops,
          nicolae_shop_temple_entry_statues_fountains, hangedman_elf_represent
Elf:2:    layout_geoelf_octagon, serial_shops, shop, kilobyte_mutagenic_chamber
Elf:3:    minmay_elf_hall_quartered_circle, layout_loops_cross,
          gammafunk_ghost_berserking_beasts
Vaults:1: v_misc_18, vaults_standard_mumra_enter_the_diamond,
          nicolae_vaults_twisting_passages, hangedman_vaults_locks,
          vaults_room_hangedman_quadrants, ontoclasm_vaults_gateway,
          layout_vaults_omnigrid, serial_shops, nicolae_shop_statue_plus,
          basic_altar
Vaults:2: minmay_crypt_entry_simple_sparse, nicolae_vaults_circle_grid_b,
          nicolae_vaults_fighting_squares, hangedman_vaults_corner_blocks,
          nicolae_vaults_network_barrier, v_alt_pattern_2,
          vaults_standard_mumra_lines, nicolae_vaults_yaktaur_gun_rack,
          dpeg_vaults_monster_row, nicolae_vaults_little_squares_4,
          layout_vaults_ring, serial_shops,
          nicolae_shop_temple_entry_statues_fountains
Vaults:3: nicolae_vaults_branching_niches, ontoclasm_vaults_pinch,
          hangedman_vaults_nodes, nicolae_vaults_hallways_thing,
          ontoclasm_vaults_ligature, v_rooms_5, vaults_mumra_chevron,
          ontoclasm_vaults_twist, grunt_vaults_hallway_long,
          layout_vaults_big_cross, serial_shops, nicolae_shop_stone
Vaults:4: ontoclasm_vaults_fault, nicolae_vaults_good_morning_starshine,
          ontoclasm_vaults_spin, v_pattern_4, nicolae_vaults_rhombus_5,
          grunt_vaults_bifocal, ontoclasm_vaults_claustrophobia,
          nicolae_vaults_theta, vaults_room_stairs_pillars,
          ontoclasm_vaults_chip, v_misc_32, vaults_room_corners,
          ontoclasm_vaults_chip, layout_vaults_omnibox, mu_enter_wizlab_1,
          serial_shops, nicolae_shop_behind_doors
Depths:1: layout_roguey, serial_bayou_ford_a, grunt_hell_entry_dis_grunt,
          gammafunk_ghost_cemetery, dispersion_dpeg, minmay_shoptagon

Skill      XL: |  1  2  3  4  5  6  7  8  9 10 11 12 13 14 15 16 17 18 19 20 21 22 |
---------------+-------------------------------------------------------------------+-----
Shields        | 3 4 5 |  5.6
Long Blades    | 2 |  2.2
Armour         | 3 4 5 6 7 9 10 11 12 | 12.0
Unarmed Combat | 1 2 3 4 6 7 9 11 13 14 15 16 17 18 | 18.7
Dodging        | 1 2 3 4 5 6 7 8 9 10 11 12 | 12.9
Fighting       | 4 5 6 7 8 9 10 11 12 | 12.9
Invocations    | 2 3 4 6 7 8 10 11 12 13 | 13.0
Crossbows      | 1 2 4 5 6 7 8 |  8.6
Spellcasting   | 2 3 4 5 6 7 8 9 10 11 12 | 12.0
Stealth        | 1 2 3 4 5 6 7 |  7.5
Throwing       | 1 |  1.5
Evocations     | 2 4 5 6 7 8 9 10 | 10.4
Conjurations   | 1 3 5 6 7 8 9 |  9.3
Translocations | 1 3 4 5 6 7 |  7.7
Transmutations | 4 5 7 8 9 11 | 11.6
Necromancy     | 3 4 6 7 8 9 |  9.9
Earth Magic    | |  0.9

Action                   |  1- 3 |  4- 6 |  7- 9 | 10-12 | 13-15 | 16-18 | 19-21 | 22-24 || total
-------------------------+-------+-------+-------+-------+-------+-------+-------+-------++-------
Melee: Long sword        |    53 |       |       |       |       |       |       |       ||    53
       Unarmed           |   142 |   311 |   269 |   560 |  1098 |  1149 |   974 |   100 ||  4603
       Headbutt          |    26 |    65 |    61 |   211 |   441 |   374 |   320 |    38 ||  1536
       Punch             |       |     6 |     6 |    64 |   142 |   130 |    98 |    18 ||   464
       Kick              |       |       |    52 |    57 |       |   204 |   527 |    63 ||   903
 Fire: Arbalest          |       |       |   115 |    38 |    53 |    33 |   360 |   144 ||   743
Throw: Boomerang         |       |     4 |       |       |     4 |     1 |       |       ||     9
       Dart              |       |     2 |       |     9 |       |     2 |       |       ||    13
       Javelin           |       |       |       |       |     6 |       |       |       ||     6
 Cast: Iskenderun's Myst |       |       |       |       |       |       |    21 |       ||    21
       Borgnjor's Vile C |       |       |       |       |       |       |    10 |     2 ||    12
       Death Channel     |       |       |       |       |       |       |     4 |     1 ||     5
Invok: Slouch            |       |       |       |       |     5 |    11 |     1 |       ||    17
Evoke: Wand              |       |       |       |     6 |     2 |    43 |       |       ||    51
       Condenser vane    |       |       |       |       |     1 |     4 |     2 |       ||     7
       Tin of tremorston |       |       |       |       |       |    11 |     2 |       ||    13
       Box of beasts     |       |       |       |       |       |     2 |     1 |       ||     3
  Use: Scroll            |       |     2 |    17 |     7 |    22 |     5 |    11 |     3 ||    67
       Potion            |       |       |       |     3 |     3 |     1 |     4 |       ||    11
 Stab: Sleeping          |       |       |       |     6 |    15 |     2 |    26 |       ||    49
       Distracted        |       |       |       |       |     3 |     3 |     2 |       ||     8
       Confused          |       |       |       |       |       |       |     1 |       ||     1
Armor: Scale mail        |    91 |   143 |    52 |       |       |       |       |       ||   286
       Plate armour      |       |       |   119 |    51 |       |       |       |       ||   170
       Troll leather arm |       |       |       |    73 |   251 |    62 |   146 |    41 ||   573
       Skin              |       |       |       |       |     7 |       |       |       ||     7
       Gold dragon scale |       |       |       |       |       |   635 |   142 |       ||   777
Dodge: Dodged            |    60 |   162 |   121 |   392 |  1245 |  1686 |  1424 |   235 ||  5325
Block: Kite shield       |    27 |       |       |       |       |       |       |       ||    27
       Other             |       |       |       |    82 |   183 |   210 |   193 |    18 ||   686
       Rpst.: Long sword |     2 |       |       |       |       |       |       |       ||     2

Table legend: (Time is in decaauts)
 A = Elapsed time spent in this place.
 B = Non-inter-level travel time spent in this place.
 C = Inter-level travel time spent in this place.
 D = Time resting spent in this place.
 E = Time spent auto-exploring this place.
 F = Levels seen in this place.
 G = Mean time per level.
                   A        B        C        D        E       F      G
               +--------+--------+--------+--------+--------+-----+--------+
         Total |  69172 |  62850 |   6322 |   1763 |  47192 |  44 | 1572.1 |
       Dungeon |  23070 |  19783 |   3287 |    588 |  13867 |  15 | 1538.0 |
        Temple |    419 |    373 |     46 |      0 |    369 |   1 |  419.0 |
          Lair |  11122 |  10079 |   1043 |    183 |   8519 |   6 | 1853.7 |
         Swamp |   5390 |   5099 |    291 |    279 |   3895 |   4 | 1347.5 |
   Spider Nest |   6629 |   6196 |    433 |    245 |   4872 |   4 | 1657.2 |
  Orcish Mines |   2479 |   2118 |    361 |     59 |   1801 |   2 | 1239.5 |
   Elven Halls |   4817 |   4578 |    239 |    229 |   3287 |   3 | 1605.7 |
        Vaults |  11836 |  11216 |    620 |      0 |   8778 |   4 | 2959.0 |
        Depths |    769 |    769 |      0 |      0 |    529 |   1 |  769.0 |
         Sewer |    162 |    162 |      0 |      0 |    121 |   1 |  162.0 |
       Ossuary |    213 |    213 |      0 |     20 |     72 |   1 |  213.0 |
      Ice Cave |    922 |    922 |      0 |     92 |    517 |   1 |  922.0 |
      Gauntlet |   1338 |   1338 |      0 |     68 |    562 |   1 | 1338.0 |
               +--------+--------+--------+--------+--------+-----+--------+

Top non-repeatable levels by time:
Vaults:4: 3344 daAuts
Vaults:1: 3127 daAuts
     D:9: 2702 daAuts
Vaults:3: 2693 daAuts
Vaults:2: 2671 daAuts
    D:14: 2540 daAuts
    D:15: 2308 daAuts
    D:13: 2251 daAuts
  Lair:4: 2245 daAuts
  Lair:3: 2240 daAuts
Spider:3: 2212 daAuts
   Elf:3: 2137 daAuts
  Lair:2: 1910 daAuts
    D:12: 1830 daAuts
     D:7: 1818 daAuts
